 Dungeon Crawl Stone Soup version 0.28-a0-1395-g4f6bc678fa (webtiles) character file.

Game seed: 8784487630359844828

776 2tousent the Sneak (level 7, -2/52 HPs)
             Began as a Vampire Enchanter on Jan 4, 2022.
             Was an Initiate of Dithmenos.
             Slain by a wyvern zombie (14 damage)
             ... on level 5 of the Dungeon.
             The game lasted 00:06:19 (3431 turns).

2tousent the Sneak (Vampire Enchanter)              Turns: 3431, Time: 00:06:20

Health: -2/52      AC:  3    Str:  7    XL:     7   Next: 54%
Magic:  8/11       EV: 13    Int: 18    God:    Dithmenos [......]
Gold:   82         SH:  0    Dex: 16    Spells: 4/12 levels left

rFire   . . .      SeeInvis +   a - +1 dagger
rCold   . . .      Faith    .   (no shield)
rNeg    . . .      Spirit   .   b - +1 robe
rPois   .          Reflect  .   (no helmet)
rElec   .          Harm     .   (no cloak)
rCorr   .          Rampage  .   (no gloves)
Will    .....                   (no boots)
Stlth   +++.......              (no amulet)
HPRegen 0.37/turn               (no ring)
MPRegen 0.12/turn               (no ring)

@: healing quickly
A: alive, fangs 3, see invisible, vampiric 2
a: Exsanguinate, Renounce Religion


You were on level 5 of the Dungeon.
You worshipped Dithmenos.
Dithmenos was noncommittal.
You visited 2 branches of the dungeon, and saw 6 of its levels.

You collected 147 gold pieces.
You spent 65 gold pieces at shops.

Inventory:

Hand Weapons
 a - a +1 dagger (weapon)
Armour
 b - a +1 robe (worn)
Jewellery
 f - a ring of fire
 p - an amulet of magic regeneration
Wands
 n - a wand of mindburst (24)
Scrolls
 g - 5 scrolls of identify
 i - 2 scrolls of teleportation
 o - a scroll of silence {unknown}
Potions
 c - 2 potions of invisibility
 e - a potion of heal wounds {unknown}
 h - a potion of flight {unknown}
 j - a potion of resistance
 k - a potion of might {unknown}
 l - a potion of curing
 m - a potion of lignification {unknown}


   Skills:
 - Level 3.0 Fighting
 + Level 6.0 Short Blades
 - Level 3.0 Dodging
 * Level 6.3 Stealth
 - Level 3.0 Spellcasting
 * Level 6.2 Hexes


You had 4 spell levels left.
You knew the following spells:

 Your Spells              Type           Power      Damage    Failure   Level
a - Ensorcelled Hibernat  Hex/Ice        26%        N/A       7%          2
b - Confusing Touch       Hex            25%        N/A       3%          3
c - Tukima's Dance        Hex            25%        N/A       3%          3

Your spell library contained the following spells:

 Spells                   Type           Power      Damage    Failure   Level
 Dazzling Flash           Conj/Hex       26%        N/A       14%         3
 Stone Arrow              Conj/Erth      4%         3d7       43%         3
 Animate Armour           Summ/Erth      4%         N/A       85%         4
 Lehudib's Crystal Spear  Conj/Erth      1%         10d2      100%        8


Dungeon Overview and Level Annotations

Branches:
Dungeon (5/15)             Temple (1/1) D:5

Altars:
Ashenzari
Cheibriados
Dithmenos
Elyvilon
Gozag
Qazlal
Sif Muna
Vehumet
Wu Jian
Zin
The Shining One

Shops:
D:2 *([

Annotations:
D:4 3 runed translucent doors, p0werm0de's ghost, amateur VSFi


Innate Abilities, Weirdness & Mutations

Your natural rate of healing is accelerated.
You have razor-sharp teeth.
You have supernaturally acute eyesight. (SInv)
You are afflicted with vampirism and can become a bat while bloodless.


Message History

There is a shadowy altar of Dithmenos here.
You kneel at the altar of Dithmenos.
Dithmenos welcomes you!
There is an open gate here.
There is a staircase back to the Dungeon here.
You climb upwards.
Welcome back to the Dungeon!
You hear the sound of rushing water.
There is an entrance to a sewer on this level.
Hurry and find it before the portal rusts away!
There is a staircase to the Ecumenical Temple here.
You hear the slow rusting of a drain very nearby.
There is a stone staircase leading up here.
A scorpion comes into view.
A wyvern zombie comes into view.
Found a scratched garnet ring.
The helpless scorpion fails to defend itself.
You perforate the scorpion like a sieve!!!
You kill the scorpion!
Dithmenos accepts your kill.
Your Short Blades skill increases to level 6!
You hit the wyvern zombie but do no damage.
The wyvern zombie barely misses you.
Casting: Ensorcelled Hibernation (safe; 7% risk of failure)
Confirm with . or Enter, or press ? or * to list all spells.
Okay, then.
The wyvern zombie bites you! The wyvern zombie bites you!
The wyvern zombie bites you!
Casting: Ensorcelled Hibernation (safe; 7% risk of failure)
Confirm with . or Enter, or press ? or * to list all spells.
Your hands begin to glow red.
The wyvern zombie barely misses you.
You hit the wyvern zombie but do no damage.
The wyvern zombie appears confused.
The wyvern zombie misses you.
You hit the wyvern zombie but do no damage.
The wyvern zombie bites you!
* * * LOW HITPOINT WARNING * * *
You catch the helpless wyvern zombie completely off-guard!
You impale the wyvern zombie!! You bite the wyvern zombie.
The wyvern zombie is heavily damaged.
The wyvern zombie bites you!
You die...

*≈*≈***≈*≈*#..# **,**
*≈**≈∩*≈*≈*#.## *,,,
*≈*****,*≈*#.# **,,
****≈≈≈≈≈**≈##.########,,
*,,********≈#...#......,,
*,*≈≈,≈,≈,≈##........##*,
*,********##..........#**
*,* ######............,,
*,* #..@Z.............,,
*,* #.#####......=..#.,,
*,***#,****##.......##,,,
*,,,,,,,,,,*#########*,,,
*****,,,,,,*****#8##**,,,
*,,***,,,**8...8#*,,,
*,,+∩*,,,**,....#*,,,
*,,***,,,*_,,,,,_*,,,
*,,,,,,,,**,,,,,*****


You could see a wyvern zombie (confused).

Vanquished Creatures
  Pikel (D:4)
  An ogre (D:3)
  A lemure (D:4)
  A scorpion (D:5)
  A hound (D:4)
  Terence (D:2)
  A howler monkey skeleton (D:4)
  3 adders
  2 worms
  4 dart slugs
  5 orcs
  13 endoplasms
  A giant cockroach (D:2)
  6 goblins
  7 hobgoblins
  4 jackals (D:3)
  5 quokkas
  10 ball pythons
  7 bats
  3 frilled lizards
  6 kobolds
  3 rats (D:1)
86 creatures vanquished.

Vanquished Creatures (others)
  3 fungi (D:4)
  A plant (D:4)
4 creatures vanquished.

Grand Total: 90 creatures vanquished

Notes
Turn   | Place    | Note
-------+----------+-------------------------------------------
     0 | D:1      | 2tousent the Vampire Enchanter began the quest for the Orb.
     0 | D:1      | Reached XP level 1. HP: 13/13 MP: 3/3
    91 | D:1      | Found a faded altar of an unknown god.
   158 | D:1      | Reached XP level 2. HP: 19/19 MP: 5/5
   221 | D:1      | Reached skill level 5 in Stealth
   231 | D:1      | Learned a level 2 spell: Ensorcelled Hibernation
   386 | D:1      | Reached skill level 5 in Hexes
   680 | D:1      | Gained mutation: You are afflicted with vampirism and can
                  | become a bat while bloodless. [Vampire growth]
   680 | D:1      | Reached XP level 3. HP: 22/24 MP: 6/6
   985 | D:1      | Prayed at the altar of an unknown god.
   985 | D:1      | Became a worshipper of Vehumet
   985 | D:1      | Reached * piety under Vehumet
   985 | D:1      | Offered knowledge of Shock by Vehumet.
   987 | D:1      | Fell from the grace of Vehumet
  1331 | D:2      | Found Ogoumm's Antique Weapon Emporium.
  1333 | D:2      | Noticed Terence
  1340 | D:2      | Killed Terence
  1341 | D:2      | Reached XP level 4. HP: 28/30 MP: 4/7
  1398 | D:2      | Found Cimixog's General Store.
  1409 | D:2      | Bought a scroll of teleportation for 39 gold pieces
  1409 | D:2      | Bought a scroll of identify for 26 gold pieces
  1477 | D:2      | Found Mavev's Antique Armour Shop.
  1706 | D:2      | Learned a level 3 spell: Confusing Touch
  2186 | D:3      | Noticed an ogre
  2204 | D:3      | Killed an ogre
  2205 | D:3      | Reached XP level 5. HP: 35/35 MP: 0/9
  2260 | D:3      | Learned a level 3 spell: Tukima's Dance
  2623 | D:4      | Reached skill level 1 in Fighting
  2787 | D:4      | Reached XP level 6. HP: 42/43 MP: 10/10
  2816 | D:4      | Noticed Pikel
  2834 | D:4      | Killed Pikel
  2835 | D:4      | Reached skill level 5 in Short Blades
  2835 | D:4      | Reached XP level 7. HP: 29/52 MP: 6/11
  3087 | D:4      | Identified the +4 long sword "Searph" {freeze, *Rage rElec
                  | rF+ SInv}
  3204 | D:4      | Found a runed translucent gate.
  3204 | D:4      | Found a runed translucent gate.
  3204 | D:4      | Found a runed translucent gate.
  3206 | D:4      | Noticed p0werm0de's ghost (amateur VSFi)
  3352 | D:5      | Entered Level 5 of the Dungeon
  3357 | D:5      | Found a staircase to the Ecumenical Temple.
  3366 | Temple   | Entered the Ecumenical Temple
  3386 | Temple   | Became a worshipper of Dithmenos the Shadowed
  3431 | D:5      | Slain by a wyvern zombie

Illustrated notes

Levels and vault maps discovered:
D:1:      minmay_arrival_loop, layout_basic, ebering_ecumenical_altar_petrified
D:2:      layout_rooms, serial_shops, nicolae_shop_trees, shop,
          nicolae_shop_window_shopping, uniq_terence
D:3:      layout_basic, tso_altar
D:4:      layout_loops_ring, gammafunk_ghost_nasty_kobolds, uniq_pikel
D:5:      nicolae_cairo_tiling, layout_rooms, nicolae_overflow_hidden_temple,
          minmay_temple_entry_glass, serial_shops, kennysheep_mini_moat,
          gup_sewer_entry_spiral
Temple:   jpeg_temple_island

Skill      XL: |  1  2  3  4  5  6  7 |
---------------+----------------------+-----
Stealth        | 5 6 |  6.3
Hexes          | 5 6 |  6.2
Short Blades   | 2 3 5 6 |  6.0
Spellcasting   | 3 |  3.0
Fighting       | 1 3 |  3.0
Dodging        | 3 |  3.0

Action                   |  1- 3 |  4- 6 |  7- 9 || total
-------------------------+-------+-------+-------++-------
Melee: Dagger            |   126 |   168 |    20 ||   314
       Bite              |    10 |    19 |     5 ||    34
 Cast: Ensorcelled Hiber |     5 |    11 |     3 ||    19
       Confusing Touch   |       |     1 |     1 ||     2
Invok: Renounce Religion |     1 |       |       ||     1
  Use: Scroll            |       |     6 |     1 ||     7
 Stab: Sleeping          |    15 |    18 |     3 ||    36
       Distracted        |       |     1 |       ||     1
       Confused          |       |     2 |     1 ||     3
Armor: Robe              |    31 |    28 |     3 ||    62
Dodge: Dodged            |    58 |    86 |     8 ||   152

Table legend: (Time is in decaauts)
 A = Elapsed time spent in this place.
 B = Non-inter-level travel time spent in this place.
 C = Inter-level travel time spent in this place.
 D = Time resting spent in this place.
 E = Time spent auto-exploring this place.
 F = Levels seen in this place.
 G = Mean time per level.
                   A        B        C        D        E       F      G
               +--------+--------+--------+--------+--------+-----+--------+
         Total |   3407 |   3315 |     92 |      0 |   2541 |   6 |  567.8 |
       Dungeon |   3375 |   3283 |     92 |      0 |   2541 |   5 |  675.0 |
        Temple |     32 |     32 |      0 |      0 |      0 |   1 |   32.0 |
               +--------+--------+--------+--------+--------+-----+--------+

Top non-repeatable levels by time:
     D:1: 992 daAuts
     D:4: 849 daAuts
     D:3: 786 daAuts
     D:2: 702 daAuts
     D:5: 45 daAuts
  Temple: 32 daAuts
